 Dungeon Crawl Stone Soup version 0.28-a0-1447-ga5a8893891 (webtiles) character file.

Game seed: 1911626591325582569

9 knot the Chopper (level 2, 23/24 HPs)
             Began as a Demonspawn Berserker on Jan 12, 2022.
             Was a Follower of Trog.
             Quit the game on level 1 of the Dungeon.
             The game lasted 00:00:27 (473 turns).

knot the Chopper (Demonspawn Berserker)              Turns: 473, Time: 00:00:28

Health: 23/24      AC:  2    Str: 17    XL:     2   Next: 3%
Magic:  2/2        EV: 12    Int:  8    God:    Trog [*.....]
Gold:   14         SH:  0    Dex: 12    Spells: 1/1 levels left

rFire   . . .      SeeInvis .   a - +0 hand axe
rCold   . . .      Faith    .   (no shield)
rNeg    . . .      Spirit   .   b - +0 animal skin
rPois   .          Reflect  .   (no helmet)
rElec   .          Harm     .   (no cloak)
rCorr   .          Rampage  .   (no gloves)
Will    .....                   (no boots)
Stlth   +.........              (no amulet)
HPRegen 0.08/turn               (no ring)
MPRegen 0.08/turn               (no ring)

@: no status effects
A: spiny 1
a: Renounce Religion, Berserk


You were on level 1 of the Dungeon.
You worshipped Trog.
Trog was aware of your devotion.
You visited 1 branch of the dungeon, and saw 1 of its levels.

You collected 14 gold pieces.

Inventory:

Hand Weapons
 a - a +0 hand axe (weapon)
Missiles
 g - 16 stones (quivered)
Armour
 b - a +0 animal skin (worn)
Scrolls
 c - a scroll of acquirement {unknown}
 d - a scroll of teleportation {unknown}
 h - a scroll of silence {unknown}
 i - a scroll of magic mapping {unknown}
Potions
 e - a potion of curing {unknown}
 f - 2 potions of flight {unknown}


   Skills:
 - Level 3.0 Fighting
 + Level 3.2 Axes
 - Level 1.7 Armour
 - Level 1.7 Dodging


You had one spell level left.
You didn't know any spells.
Your spell library contained the following spells:

 Spells                   Type           Power      Damage    Failure   Level
 Ignite Poison            Fire/Tmut/Pois 0%         N/A       78%         3
 Mephitic Cloud           Conj/Pois/Air  0%         N/A       78%         3
 Freezing Cloud           Conj/Ice/Air   0%         6-21      100%        5


Dungeon Overview and Level Annotations

Branches:
Dungeon (1/15)

Altars:


Innate Abilities, Weirdness & Mutations

You are partially covered in sharp spines.


Message History

The bat hits you but does no damage.
You hit the bat.
You kill the bat!
Trog accepts your kill.
You start resting.
HP restored.
You see here a bat corpse.
g - 2 stones You see here a +0 whip.
f - 2 glowing yellow potions (gained 1)
You now have 14 gold pieces (gained 6).
h - a scroll labelled FYCIETA ABRALUE No target in view!
Found a stone staircase leading down.
No target in view!
No target in view!
No target in view!
No target in view!
g - 16 stones (gained 14)
i - a scroll labelled ULITAE FAVE A goblin and a giant cockroach come into view.
Found 8 gold pieces.
There are monsters nearby!
The giant cockroach closely misses you.
You barely miss the giant cockroach. The giant cockroach bites you.
You hit the giant cockroach.
You kill the giant cockroach!
Trog accepts your kill.
You closely miss the goblin. The goblin hits you but does no damage.
You hit the goblin but do no damage. The goblin hits you but does no damage.
You closely miss the goblin. The goblin hits you but does no damage.
You closely miss the goblin. The goblin completely misses you.
You hit the goblin but do no damage. The goblin misses you.
You slash the goblin!
You kill the goblin!
Trog accepts your kill.
You have reached level 2!
Your demonic ancestry asserts itself...
Sharp spines emerge from parts of your body.
Are you sure you want to abandon this character and quit the game? (Confirm with "yes".)

..###### #.....#
#......# #.....#
#.#.##.# #.....#
.##.#..###.....#
#..#.#..##.....#
..##.##.##.....#
.#......##.....#########
.##.............>.......
..)÷#####.......@)......
....# #...#+#.........
###†# #...# #.........
#.######### #.......$.
#........# ##########
#........# #........#
#........# #........#


There were no monsters in sight!

Vanquished Creatures
  2 giant cockroaches (D:1)
  2 goblins (D:1)
  A hobgoblin (D:1)
  A bat (D:1)
  A kobold (D:1)
  A rat (D:1)
8 creatures vanquished.

Notes
Turn   | Place    | Note
-------+----------+-------------------------------------------
     0 | D:1      | knot the Demonspawn Berserker began the quest for the Orb.
     0 | D:1      | Reached XP level 1. HP: 18/18 MP: 1/1
   473 | D:1      | Gained mutation: You are partially covered in sharp spines.
                  | [demonic ancestry]
   473 | D:1      | Reached XP level 2. HP: 23/24 MP: 2/2
   473 | D:1      | Quit the game

Illustrated notes

Levels and vault maps discovered:
D:1:      onia_arrival_pyramid, layout_basic, minmay_tromino_v7

Skill      XL: |  1 |
---------------+----+-----
Axes           | 3 |  3.2
Fighting       | |  3.0
Armour         | |  1.7
Dodging        | |  1.7

Action                   || total
-------------------------++-------
Melee: Hand axe          ||    27
       Punch             ||     1
Armor: Animal skin       ||     7
Dodge: Dodged            ||    14

Table legend: (Time is in decaauts)
 A = Elapsed time spent in this place.
 B = Non-inter-level travel time spent in this place.
 C = Inter-level travel time spent in this place.
 D = Time resting spent in this place.
 E = Time spent auto-exploring this place.
 F = Levels seen in this place.
 G = Mean time per level.
                   A        B        C        D        E       F      G
               +--------+--------+--------+--------+--------+-----+--------+
         Total |    476 |    476 |      0 |    173 |    232 |   1 |  476.0 |
       Dungeon |    476 |    476 |      0 |    173 |    232 |   1 |  476.0 |
               +--------+--------+--------+--------+--------+-----+--------+

Top non-repeatable levels by time:
     D:1: 476 daAuts
